 Dungeon Crawl Stone Soup version 0.31-a0-986-g5e6e4ef867 (webtiles) character file.

Game seed: 6778000718141104254

491 Whiskey the Changeling (level 6, -4/88 HPs)
             Began as a Troll Shapeshifter on Nov 4, 2023.
             Slain by a killer bee (5 damage)
             ... on level 3 of the Dungeon.
             The game lasted 00:03:46 (2229 turns).

Whiskey the Changeling (Troll Shapeshifter)         Turns: 2229, Time: 00:03:46

Health: -4/88      AC: 23    Str: 23    XL:     6   Next: 91%
Magic:  5/5        EV:  1    Int:  8    God:
Gold:   158        SH:  0    Dex:  9    Spells: 5/5 levels left

rFire   . .          .
                       - Unarmed
rCold   . . .        (no shield)
rNeg    . . .        a - melded +0 animal skin
rPois   +            (helmet currently unavailable)
rElec   .            (cloak currently unavailable)
rCorr   .            (gloves unavailable)
SInv    .            (boots unavailable)
Will    .....        (no amulet)
Stlth   +            (no ring)
HPRegen 1.14/turn    (no ring)
MPRegen 0.09/turn

%: no passive effects
@: lethally poisoned (-4 -> -9), tree-form
A: stationary, stasis, torment immunity, boosted hp, large, unfitting armour,
(claws 3), regeneration 1, (shaggy fur 1), (tough skin 1)
a: no special abilities


You were on level 3 of the Dungeon.
You were a tree.
You visited 1 branch of the dungeon, and saw 4 of its levels.

You collected 158 gold pieces.

Inventory:

Armour
 a - a +0 animal skin (melded)
 m - a +0 robe
   (You found it on level 3 of the Dungeon)
 p - a +0 robe
   (You found it on level 4 of the Dungeon)
Talismans
 c - a beast talisman
 d - a flux talisman
 e - a beast talisman
   (You found it on level 1 of the Dungeon)
Wands
 r - a wand of polymorph (11)
   (You took it off Ijyb on level 4 of the Dungeon)
Scrolls
 f - 4 scrolls of identify {unknown}
 g - a scroll of enchant armour {unknown}
 i - a scroll of teleportation {unknown}
 j - 2 scrolls of revelation {unknown}
 l - a scroll of amnesia {unknown}
 o - a scroll of summoning {unknown}
 q - a scroll of noise {unknown}
Potions
 h - a potion of berserk rage {unknown}
 k - a potion of heal wounds {unknown}
 n - a potion of curing {unknown}


   Skills:
 + Level 2.9 Fighting
 - Level 1.5 Dodging
 + Level 4.6 Unarmed Combat
 * Level 5.6 Shapeshifting


You had 5 spell levels left.
You didn't know any spells.
Your spell library contained the following spells:

 Spells                   Type           Power      Damage    Failure   Level
 Lesser Beckoning         Tloc           0%         N/A       54%         2
 Dazzling Flash           Conj/Hex       0%         N/A       78%         3
 Gell's Gravitas          Tloc           0%         N/A       78%         3
 Teleport Other           Tloc           0%         N/A       78%         3
 Volatile Blastmotes      Fire/Tloc      0%         2d10      78%         3
 Starburst                Conj/Fire      0%         6d3       100%        6
 Maxwell's Capacitive Co  Air            0%         ∞         100%        8


Dungeon Overview and Level Annotations

Branches:
Dungeon (4/15)
 Temple: D:4-7

Altars:
Cheibriados
Zin


Innate Abilities, Weirdness & Mutations

You are a tree.
Your roots penetrate the ground, keeping you stationary.
You cannot be teleported.
You are immune to unholy pain and torment.
Your maximum health is greatly increased.
Your equipment is partially melded.
You are too large for most types of armour.
((You have claws for hands.))
Your natural rate of healing is unusually fast.
((You are covered in fur. (AC +1)))
((You have tough skin. (AC +1)))


Message History

You take 8 damage, and have 18/59 hp.
You mangle the killer bee!!
You kill the killer bee!
You feel sick.
You feel sick.
You are no longer poisoned.
You see here a killer bee corpse.
You start resting.
Health restored: 59 You now have 158 gold pieces (gained 18). 3 killer bees come into view.
The killer bee buzzes angrily. x2; You hear an angry buzzing noise.
A killer bee comes into view.
The killer bee moves out of view.
The killer bee closely misses you. The killer bee stings you.
You are poisoned.
The killer bee poisons you! The killer bee stings you.
You take 10 damage, and have 49/59 hp.
You feel sick.
The killer bee attacks as it pursues you!
The killer bee stings you.
The killer bee attacks as it pursues you!
The killer bee barely misses you. The killer bee closely misses you.
You take 7 damage, and have 42/59 hp.
You feel sick.
The killer bee buzzes angrily.
You take 1 damage, and have 41/59 hp.
You feel sick.
You feel sick.
You feel sick.
The killer bee stings you but does no damage.
The killer bee stings you.
You take 4 damage, and have 37/59 hp.
You feel sick. The killer bee stings you.
You are more poisoned.
The killer bee poisons you!
You take 4 damage, and have 33/59 hp.
You feel very sick.
The killer bee attacks as it pursues you!
The killer bee stings you but does no damage.
You take 2 damage, and have 31/59 hp.
You feel sick.
The killer bee attacks as it pursues you!
The killer bee stings you but does no damage.
You take 1 damage, and have 30/59 hp.
You feel sick.
The killer bee attacks as it pursues you!
The killer bee barely misses you.
You take 1 damage, and have 29/59 hp.
You feel sick.
The killer bee attacks as it pursues you!
The killer bee stings you.
You take 5 damage, and have 24/59 hp.
You feel sick.
There is a stone staircase leading up here.
You feel sick.
The killer bee stings you but does no damage.
The killer bee stings you. The killer bee closely misses you.
The killer bee stings you but does no damage.
The killer bee barely misses you.
You climb upwards.
You feel sick.
There is a stone staircase leading down here.
You take 2 damage, and have 22/59 hp.
You feel sick.
You are no longer poisoned.
The killer bee attacks as it pursues you!
The killer bee barely misses you.
The killer bee stings you but does no damage.
The killer bee stings you.
You take 3 damage, and have 19/59 hp.
The killer bee attacks as it pursues you!
The killer bee stings you.
* * * LOW HITPOINT WARNING * * *
You take 5 damage, and have 15/59 hp.
The killer bee closely misses you. The killer bee stings you.
* * * LOW HITPOINT WARNING * * *
You are poisoned.
The killer bee poisons you! The killer bee stings you.
* * * LOW HITPOINT WARNING * * *
You are more poisoned.
The killer bee poisons you! The killer bee stings you.
* * * LOW HITPOINT WARNING * * *
You are lethally poisoned!
The killer bee poisons you!
You take 12 damage, and have 6/59 hp.
MASSIVE DAMAGE!!
* * * LOW HITPOINT WARNING * * *
You feel very sick. The killer bee barely misses you.
You take 3 damage, and have 3/59 hp.
Your transformation has ended.
You turn into a tree.
Your +0 animal skin melds into your body.
Your roots penetrate the ground.
* * * LOW HITPOINT WARNING * * *
You feel very sick.
The killer bee stings you but does no damage.
The killer bee stings you.
You die...

.....♣♣..8_8.♣♣
##..........###.
....♣♣........♣♣♣
###.......## #.
...#♣...♣...♣♣..♣####.......#
#.
##.#♣.♣♣♣.∩.♣♣♣♣....#.......#
## #...♣♣ ♣...♣
##..........## #####
#♣.♣.♣♣♣##.#####>..##
♣..♣♣..♣#yy# #####
♣.♣♣♣♣.♣#y## ♣.♣ ♣.♣#♣# ♣.♣♣
♣♣...# ♣..♣ ♣#.## ♣♣.♣ ##.#
#♣.♣# #..# #.♣.###.##
#.......# #########


You could see 3 killer bees.

Vanquished Creatures
  Grinder (D:3)
  A phantom (D:4)
  A killer bee (D:4)
  Ijyb (D:4)
  3 gnolls (D:4)
  5 adders
  A worm (D:2)
  2 dart slugs
  An orc (D:3)
  8 endoplasms
  4 giant cockroaches
  5 goblins
  7 hobgoblins
  2 jackals (D:2)
  5 quokkas
  6 ball pythons
  5 bats
  4 frilled lizards
  4 kobolds (D:2)
  4 rats
70 creatures vanquished.

Notes
Turn   | Place    | Note
-------+----------+-------------------------------------------
     0 | D:1      | Whiskey the Troll Shapeshifter began the quest for the Orb.
     0 | D:1      | Reached XP level 1. HP: 18/18 MP: 0/0
   120 | D:1      | Reached skill level 1 in Fighting
   146 | D:1      | Reached XP level 2. HP: 20/27 MP: 1/1
   635 | D:2      | Reached XP level 3. HP: 33/33 MP: 2/2
  1477 | D:3      | Reached XP level 4. HP: 39/41 MP: 3/3
  1510 | D:3      | Reached skill level 4 in Shapeshifting
  1557 | D:3      | Found a faded altar of an unknown god.
  1654 | D:3      | Noticed Grinder
  1667 | D:3      | Paralysed by Grinder for 2 turns
  1676 | D:3      | Killed Grinder
  1677 | D:3      | Reached skill level 2 in Fighting
  1677 | D:3      | Reached skill level 4 in Unarmed Combat
  1677 | D:3      | Reached skill level 5 in Shapeshifting
  1677 | D:3      | Reached XP level 5. HP: 20/50 MP: 4/4
  1677 | D:3      | Reached XP level 6. HP: 24/59 MP: 5/5
  1717 | D:3      | Found a glowing silver altar of Zin.
  1729 | D:3      | Found a snail-covered altar of Cheibriados.
  2104 | D:4      | Noticed Ijyb
  2112 | D:4      | Killed Ijyb
  2227 | D:3      | HP: 13/59 [killer bee (6)]
  2227 | D:3      | HP: 6/59 [killer bee (2)]
  2229 | D:3      | HP: 1/88 [poisoned by a killer bee]
  2229 | D:3      | Slain by a killer bee

Illustrated notes

Levels and vault maps discovered:
D:1:      dpeg_arrival_castle, layout_rooms
D:2:      layout_basic
D:3:      layout_rooms, mainiacjoe_overflow_catwalk_spiral,
          shapermc_ecumenical_altar_totnotflames, uniq_grinder
D:4:      layout_basic, uniq_ijyb

Skill      XL: |  1  2  3  4 |
---------------+-------------+-----
Fighting       | 1 2 |  2.9
Shapeshifting  | 5 |  5.6
Unarmed Combat | 4 |  4.6
Dodging        | |  1.5

Action                     |  1- 3 |  4- 6 || total
---------------------------+-------+-------++-------
  Melee: Unarmed           |    94 |    65 ||   159
         Punch             |     1 |       ||     1
    Use: Potion            |       |     1 ||     1
   Stab: Sleeping          |     1 |       ||     1
 Armour: Animal skin       |    49 |    56 ||   105
         Skin              |       |     2 ||     2
  Dodge: Dodged            |    39 |    38 ||    77

Table legend: (Time is in decaauts)
 A = Elapsed time spent in this place.
 B = Non-inter-level travel time spent in this place.
 C = Inter-level travel time spent in this place.
 D = Time resting spent in this place.
 E = Time spent auto-exploring this place.
 F = Levels seen in this place.
 G = Mean time per level.
                   A        B        C        D        E       F      G
               +--------+--------+--------+--------+--------+-----+--------+
         Total |   2218 |   2172 |     46 |     37 |   1698 |   4 |  554.5 |
       Dungeon |   2218 |   2172 |     46 |     37 |   1698 |   4 |  554.5 |
               +--------+--------+--------+--------+--------+-----+--------+

Top non-repeatable levels by time:
     D:2: 787 daAuts
     D:3: 604 daAuts
     D:1: 598 daAuts
     D:4: 228 daAuts

Levels and vault maps discovered:
D:1:      dpeg_arrival_castle, layout_rooms
D:2:      layout_basic
D:3:      layout_rooms, mainiacjoe_overflow_catwalk_spiral,
          shapermc_ecumenical_altar_totnotflames, uniq_grinder
D:4:      layout_basic, uniq_ijyb

Table legend: (Time is in decaauts)
 A = Elapsed time spent in this place.
 B = Non-inter-level travel time spent in this place.
 C = Inter-level travel time spent in this place.
 D = Time resting spent in this place.
 E = Time spent auto-exploring this place.
 F = Levels seen in this place.
 G = Mean time per level.
                   A        B        C        D        E       F      G
               +--------+--------+--------+--------+--------+-----+--------+
         Total |   2218 |   2172 |     46 |     37 |   1698 |   4 |  554.5 |
       Dungeon |   2218 |   2172 |     46 |     37 |   1698 |   4 |  554.5 |
               +--------+--------+--------+--------+--------+-----+--------+

Top non-repeatable levels by time:
     D:2: 787 daAuts
     D:3: 604 daAuts
     D:1: 598 daAuts
     D:4: 228 daAuts

Table legend:
 A = Kills in this place as a percentage of kills in the entire game.
 B = Kills by you in this place as a percentage of kills by you in the entire game.
 C = Kills by friends in this place as a percentage of kills by friends in the entire game.
 D = Other kills in this place as a percentage of other kills in the entire game.
 E = Experience gained in this place as a percentage of experience gained in the entire game.
 F = Experience gained in this place divided by the number of levels of this place that you have seen.
                   A       B       C       D       E      F
               +-------+-------+-------+-------+-------+----------------------
         Total | 100.0 | 100.0 |   N/A |   N/A | 100.0 | 175.5
       Dungeon | 100.0 | 100.0 |   N/A |   N/A | 100.0 | 175.5
               +-------+-------+-------+-------+-------+----------------------
